 Dungeon Crawl Stone Soup version 0.31-a0-692-gf03d1854d5 (webtiles) character file.

Game seed: 15053002093362711380

141 Essalna the Conjurer (level 5, 35/35 HPs)
             Began as a Demonspawn Conjurer on Sept 7, 2023.
             Got out of the dungeon alive.
             The game lasted 00:05:11 (3106 turns).

Essalna the Conjurer (Demonspawn Conjurer)          Turns: 3106, Time: 00:05:11

Health: 35/35      AC:  4    Str:  8    XL:     5   Next: 3%
Magic:  10/10      EV: 12    Int: 21    God:
Gold:   119        SH:  0    Dex: 11    Spells: 8/11 levels left

rFire   . . .        o - staff of conjuration
rCold   + . .        (no shield)
rNeg    . . .        a - +0 robe
rPois   .            (helmet restricted)
rElec   .            (no cloak)
rCorr   .            (no gloves)
SInv    .            (no boots)
Will    .....        (no amulet)
Stlth   ++           r - ring of protection from cold
HPRegen 0.25/turn    (no ring)
MPRegen 0.12/turn

%: no passive effects
@: no status effects
A: antennae 1, thin metallic scales 1
a: no special abilities


You escaped.
You visited 1 branch of the dungeon, and saw 3 of its levels.

You collected 119 gold pieces.

Inventory:

Hand Weapons
 c - a +0 dagger
Armour
 a - a +0 robe (worn)
 q - a +1 helmet
Magical Staves
 o - a staff of conjuration (weapon)
Jewellery
 r - a ring of protection from cold (left hand)
 u - an amulet of regeneration
Scrolls
 d - a scroll of fear {unknown}
 e - a scroll of torment {unknown}
 f - 2 scrolls of noise {unknown}
 g - 6 scrolls of identify {unknown}
 h - 2 scrolls of teleportation {unknown}
 l - 2 scrolls of amnesia {unknown}
 m - a scroll of silence {unknown}
 n - a scroll of acquirement {unknown}
 s - a scroll of poison {unknown}
 v - a scroll of immolation {unknown}
 w - a scroll of enchant weapon {unknown}
 x - a scroll of summoning {unknown}
Potions
 b - a potion of magic
 i - a potion of brilliance {unknown}
 j - 5 potions of curing {unknown}
 k - a potion of mutation {unknown}
 p - a potion of experience {unknown}
 t - a potion of enlightenment {unknown}


   Skills:
 - Level 1.7 Dodging
 - Level 1.7 Stealth
 + Level 3.7 Spellcasting
 + Level 5.3 Conjurations


You had 8 spell levels left.
You knew the following spells:

 Your Spells              Type           Power      Damage    Failure   Level
a - Magic Dart            Conj           100%       1d8       1%          1
b - Searing Ray           Conj           78%        2d7       2%          2

Your spell library contained the following spells:

 Spells                   Type           Power      Damage    Failure   Level
 Freeze                   Ice            12%        1d3       12%         1
 Sting                    Tmut/Pois      12%        1d3       12%         1
 Dazzling Flash           Conj/Hex       44%        N/A       13%         3
 Hailstorm                Conj/Ice       22%        3d7       13%         3
 Ensorcelled Hibernation  Hex/Ice        6%         N/A       19%         2
 Passwall                 Tmut/Erth      2%         N/A       19%         2
 Poisonous Vapours        Pois/Air       6%         N/A       19%         2
 Frozen Ramparts          Ice            6%         1d1       36%         3
 Swiftness                Air            3%         N/A       36%         3
 Volatile Blastmotes      Fire/Tloc      6%         2d10      36%         3
 Fulminant Prism          Conj/Hex       11%        3d9       38%         4
 Iskenderun's Mystic Bla  Conj/Tloc      22%        2d6       38%         4
 Olgreb's Toxic Radiance  Pois           3%         N/A       77%         4


Dungeon Overview and Level Annotations

Branches:
Dungeon (3/15)

Altars:

Shops:
D:3 !


Innate Abilities, Weirdness & Mutations

You have a pair of small antennae on your head.
You are partially covered in thin metallic scales. (AC +2)


Message History

You can't see any susceptible monsters within range! (Use Z to cast anyway.)
An orc wizard comes into view. It is wielding a +0 dagger.
You feel a surge of power!
The magic dart hits the orc wizard.
The orc wizard is lightly wounded.
The orc wizard shouts!
You can't see any susceptible monsters within range! (Use Z to cast anyway.)
You can't see any susceptible monsters within range! (Use Z to cast anyway.)
An orc wizard is nearby!
You feel a surge of power!
The magic dart hits the orc wizard.
The orc wizard is heavily wounded.
The orc wizard points at you and mumbles some strange words.
The puff of flame hits you.
You feel a surge of power!
The magic dart hits the orc wizard.
The orc wizard is severely wounded.
You feel a surge of power!
The magic dart hits the orc wizard.
The orc wizard is almost dead.
You feel a surge of power!
The magic dart hits the orc wizard.
You kill the orc wizard!
You have reached level 5!
Your demonic ancestry asserts itself...
A pair of antennae grows on your head!
You now have 100 gold pieces (gained 21).
Things that are here:
a +0 dagger; a +0 robe You now have 119 gold pieces (gained 19).
Items here: )) [ †.
Key pressed, stopping explore.
There is a stone staircase leading up here.
You climb upwards.
There is a stone staircase leading down here.
You see here a +0 club.
You see here a +0 rapier.
You see here a +0 dagger.
You see here a +2 dagger of flaming.
There is a stone staircase leading up here.
You climb upwards.
There is a stone staircase leading down here.
There is a large open door here.
There is a staircase leading out of the dungeon here.
You have escaped!

############## ############
.............# #......#...#####
.............# #......#........
.............# #...............
.............# #...............
...........### #...............
#..........# ######..........
#..........###########...........
#..........##8..@...8#.###.#.....
#..........##≈......≈#.# #.##...#
#..†.......##≈......≈#.# #.......
#..........##≈......≈#.# #......#
.>.......####≈..88..≈#.# #......#
.........####≈......≈#.# #....###
............#≈......≈#.# #.....#.
..#.........#§......≈#.###.....#.
............#8......8#.#.......#.


There were no monsters in sight!

Vanquished Creatures
  An orc wizard (D:3)
  Robin (D:2)
  3 adders (D:2)
  2 dart slugs
  4 orcs (D:3)
  3 bats
  6 endoplasms
  3 giant cockroaches (D:1)
  12 goblins
  6 hobgoblins
  5 kobolds
  6 quokkas
  7 ball pythons
  3 frilled lizards (D:3)
  3 rats
65 creatures vanquished.

Notes
Turn   | Place    | Note
-------+----------+-------------------------------------------
     0 | D:1      | Essalna the Demonspawn Conjurer began the quest for the
                  | Orb.
     0 | D:1      | Reached XP level 1. HP: 13/13 MP: 3/3
   165 | D:1      | Gained mutation: You are partially covered in thin metallic
                  | scales. (AC +2) [demonic ancestry]
   165 | D:1      | Reached XP level 2. HP: 7/19 MP: 0/5
   802 | D:1      | Reached XP level 3. HP: 24/24 MP: 1/7
  1258 | D:2      | Learned a level 2 spell: Searing Ray
  1375 | D:2      | Identified the +1 leather armour of Heirhoit {rPois rN+
                  | Will+ Dex-4}
  1379 | D:2      | Noticed Robin
  1385 | D:2      | Killed Robin
  1386 | D:2      | Reached XP level 4. HP: 30/30 MP: 0/8
  1607 | D:2      | Reached skill level 5 in Conjurations
  2892 | D:3      | Found Eritaite's Distillery.
  2945 | D:3      | Gained mutation: You have a pair of small antennae on your
                  | head. [demonic ancestry]
  2945 | D:3      | Reached XP level 5. HP: 29/35 MP: 3/10
  3106 | D:$      | Got out of the dungeon alive.

Illustrated notes

Levels and vault maps discovered:
D:1:      lightli_arrival_noodles, layout_basic
D:2:      layout_basic, uniq_robin
D:3:      layout_loops_corners, serial_shops, nicolae_shop_rolling_square

Skill      XL: |  1  2  3  4 |
---------------+-------------+-----
Spellcasting   | 3 |  3.7
Conjurations   | 5 |  5.3
Dodging        | |  1.7
Stealth        | |  1.7

Action                     |  1- 3 |  4- 6 || total
---------------------------+-------+-------++-------
  Melee: Dagger            |    13 |       ||    13
   Cast: Magic Dart        |    65 |    46 ||   111
         Searing Ray       |     1 |     2 ||     3
 Armour: Robe              |     7 |     6 ||    13
  Dodge: Dodged            |     8 |    12 ||    20

Table legend: (Time is in decaauts)
 A = Elapsed time spent in this place.
 B = Non-inter-level travel time spent in this place.
 C = Inter-level travel time spent in this place.
 D = Time resting spent in this place.
 E = Time spent auto-exploring this place.
 F = Levels seen in this place.
 G = Mean time per level.
                   A        B        C        D        E       F      G
               +--------+--------+--------+--------+--------+-----+--------+
         Total |   3105 |   2985 |    120 |      0 |   2644 |   3 | 1035.0 |
       Dungeon |   3105 |   2985 |    120 |      0 |   2644 |   3 | 1035.0 |
               +--------+--------+--------+--------+--------+-----+--------+

Top non-repeatable levels by time:
     D:1: 1179 daAuts
     D:3: 1090 daAuts
     D:2: 835 daAuts
